 Dungeon Crawl Stone Soup version 0.26-a0-317-ge2f3d4a7ca (webtiles) character file.

Game seed: 3531013335981036404

23744 BritishOli the Protected (level 12, -15/96 HPs)
             Began as a Demonspawn Fighter on July 16, 2020.
             Was the Champion of Okawaru.
             Demolished by a polar bear (18 damage)
             ... in an ice cave.
             The game lasted 00:30:16 (17394 turns).

BritishOli the Protected (Demonspawn Fighter)      Turns: 17394, Time: 00:30:17

Health: -15/96     AC: 20    Str: 29    XL:     12   Next: 74%
Magic:  4/4        EV:  9    Int:  9    God:    Okawaru [******]
Gold:   730        SH: 12    Dex: 12    Spells: 11/11 levels left

rFire    . . .     SeeInvis +   f - +2 rapier of Overwhelming Force {antimagic, Str+3}
rCold    + . .     Faith    .   c - +0 kite shield
rNeg     . . .     Spirit   .   X - +3 ring mail {MR+}
rPois    .         Reflect  .   q - +2 helmet
rElec    .         Harm     .   l - +0 cloak
rCorr    .                      S - +1 pair of gloves {Str+3}
MR       +....                  (boots unavailable)
Stlth    +.........             (no amulet)
HPRegen  0.26/turn              W - ring of ice
MPRegen  0.09/turn              b - ring of see invisible

@: no status effects
A: talons 3, thin metallic scales 1, fire resistance 1, mutation resistance 1,
powered by death 1
a: Heroism, Finesse, Renounce Religion


You were in an ice cave.
You worshipped Okawaru.
Okawaru was exalted by your worship.
You visited 2 branches of the dungeon, and saw 13 of its levels.
You also visited: Sewer and Ice Cave.

You collected 895 gold pieces.
You spent 165 gold pieces at shops.

Inventory:

Hand Weapons
 f - the +2 rapier of Overwhelming Force (weapon) {antimagic, Str+3}
   (You found it in an ice cave)

   It reduces the magical energy of the wielder, and disrupts the spells and
   magical abilities of those hit.
   Natural abilities and divine invocations are not affected.
   It affects your strength (+3).
 t - a +5 great sword
 L - the +10 mace of Ascent {pain, rN++}
   (You found it on level 8 of the Dungeon)

   In the hands of one skilled in necromantic magic, it inflicts extra damage on
   living creatures.
   It greatly protects you from negative energy.
 U - a +1 long sword of flaming
Missiles
 C - 4 throwing nets (quivered)
Armour
 c - a +0 kite shield (worn)
 l - a +0 cloak (worn)
 q - a +2 helmet (worn)
 S - a +1 pair of gloves of strength (worn)
 X - a +3 ring mail of magic resistance (worn)
Jewellery
 b - a ring of see invisible (right hand)
 k - an uncursed ring of flight
 s - an uncursed ring of protection from fire
 J - an uncursed ring of stealth
 K - an uncursed ring of poison resistance
 R - an uncursed ring of magical power
 W - a ring of ice (left hand)
Wands
 a - a wand of acid (1)
 w - a wand of disintegration (17)
 x - a wand of clouds (3)
 F - a wand of digging (4)
 O - a wand of random effects (22)
 Q - a wand of paralysis (11)
 V - a wand of enslavement (7)
Scrolls
 e - 5 scrolls of teleportation
 g - 4 scrolls of fog
 j - 2 scrolls of random uselessness {unknown}
 m - 3 scrolls of enchant weapon
 o - a scroll of holy word {unknown}
 p - 10 scrolls of remove curse
 v - 4 scrolls of immolation
 y - 2 scrolls of fear {unknown}
 D - 2 scrolls of magic mapping
 G - 3 scrolls of blinking {unknown}
Potions
 d - 2 potions of might
 i - 5 potions of stabbing
 n - 2 potions of haste
 r - 2 potions of mutation
 z - 3 potions of invisibility
 B - a potion of cancellation
 E - a potion of berserk rage {unknown}
 H - a potion of degeneration {unknown}
 M - 4 potions of brilliance
 N - 7 potions of curing
 P - 2 potions of lignification
 T - a potion of flight {unknown}


   Skills:
 + Level 9.4 Fighting
 * Level 11.6 Long Blades
 * Level 11.7 Armour
 + Level 8.7 Shields


You had 11 spell levels left.
You didn't know any spells.
Your spell library contained the following spells:

 Spells                   Type           Power        Failure   Level
 Sandblast                Erth           #.....       77%         1
 Passwall                 Tmut/Erth      #.......     88%         2
 Searing Ray              Conj           #.....       88%         2
 Song of Slaying          Chrm           #.......     88%         2
 Dazzling Flash           Conj/Hex       #.....       98%         3
 Static Discharge         Conj/Air       #.......     98%         3
 Stone Arrow              Conj/Erth      #.....       98%         3
 Petrify                  Tmut/Erth      #.......     100%        4
 Bolt of Magma            Conj/Fire/Erth #.........   100%        5
 Excruciating Wounds      Chrm/Necr      #.........   100%        5
 Lee's Rapid Deconstruct  Erth           #.........   100%        5


Dungeon Overview and Level Annotations

Branches:
Dungeon (12/15)            Temple (0/1) D:5            Lair (1/6) D:8
    Orc (0/2) D:11          Sewer (visited)           IceCv (1/1)

Altars:
Ashenzari
Hepliaklqana
Nemelex Xobeh
Okawaru
Qazlal
Sif Muna
Uskayaw
Wu Jian
Yredelemnul
The Shining One
Beogh

Shops:
D:4 ?   D:8 [   D:11 !

Annotations:
D:10 3 runed translucent doors, Fufic's ghost, journeyman GnFi


Innate Abilities, Weirdness & Mutations

You have claws for feet.
You are partially covered in thin metallic scales. (AC +2)
Your flesh is heat resistant. (rF+)
You regenerate a little health from kills.
You are somewhat resistant to further mutation.


Message History

The polar bear claws you but does no damage. x2
Evoke which item? (* to show all) (? for menu, Esc to quit)
Okay, then.
You feel much better. The polar bear bites you.
* * * LOW HITPOINT WARNING * * *
You block the polar bear's attack. The polar bear claws you.
* * * LOW HITPOINT WARNING * * *
The polar bear bites you!
* * * LOW HITPOINT WARNING * * *
You block the polar bear's attack.
The polar bear claws you but does no damage.
You closely miss the polar bear. Your kick misses the polar bear.
The polar bear is almost dead.
The polar bear bites you but does no damage.
You block the polar bear's attack.
The polar bear claws you but does no damage.
You hit the polar bear but do no damage.
The polar bear is almost dead.
The polar bear bites you!!
You die...

#†.# #.. #....##
...##
###.#####..###
#...#
#..#......##≈#
.÷.##
###..##..###≈≈#
...#
##...#####≈≈≈≈≈#
.∩.#
#..###≈###≈≈≈≈##
..##
##..###..###.##
∩.#
##...#.#.#h#..
.## ##.#.##.@#
... ## #########
###


You could see a polar bear (berserk).

Vanquished Creatures
  Rupert (D:12)
  Fannar (D:11)
  4 two-headed ogres
  2 unseen horrors
  Pikel (D:6)
  An ugly thing (D:12)
  A manticore (D:11)
  An ice statue (IceCv)
  3 centaur skeletons (D:10)
  Psyche (D:11)
  A gargoyle (D:11)
  2 tengu conjurers
  7 polar bears (IceCv)
  2 trolls
  Grinder (D:4)
  5 slime creatures
  4 hippogriffs
  2 wraiths (D:10)
  A vampire (D:10)
  10 yaks
  A basilisk (D:8)
  Edmund (D:4)
  2 water moccasins
  5 porcupines
  7 phantoms
  5 orc warriors
  2 sky beasts
  7 ice beasts
  A necrophage (D:7)
  5 ogres
  A black bear (D:7)
  6 centaurs
  9 wolves (IceCv)
  2 crocodiles (D:8)
  4 lemures (D:6)
  A big kobold (D:11)
  7 bullfrogs
  Blork the orc (D:4)
  A gnoll sergeant (D:5)
  5 scorpions
  A water moccasin skeleton (D:5)
  13 wights
  10 killer bees
  4 howler monkeys
  A bullfrog zombie (D:7)
  A quasit (D:10)
  2 jellies
  9 orc priests
  6 hounds
  A gnoll shaman (D:5)
  2 bullfrog skeletons
  Jessica (D:2)
  13 orc wizards
  An iguana (D:4)
  7 worker ants
  Robin (D:1)
  A worker ant zombie (D:7)
  11 gnolls
  21 adders
  3 shadow imps
  3 white imps
  An ufetubus (D:7)
  14 oozes
  3 adder skeletons
  2 worms (D:2)
  A dart slug (D:4)
  17 leopard geckos
  63 orcs
  14 ball pythons
  9 bats
  21 giant cockroaches
  12 goblins
  17 hobgoblins
  11 jackals
  4 quokkas
  12 frilled lizards
  20 kobolds
  A leopard gecko skeleton (D:7)
  3 quokka skeletons
  13 rats
474 creatures vanquished.

Vanquished Creatures (others)
  4 fungi (D:8)
  18 plants (D:8)
22 creatures vanquished.

Grand Total: 496 creatures vanquished

Notes
Turn   | Place    | Note
-------+----------+-------------------------------------------
     0 | D:1      | BritishOli the Demonspawn Fighter began the quest for the
                  | Orb.
     0 | D:1      | Reached XP level 1. HP: 18/18 MP: 1/1
    88 | D:1      | Gained mutation: You regenerate a little health from kills.
                  | [demonic ancestry]
    88 | D:1      | Reached XP level 2. HP: 18/24 MP: 2/2
   478 | D:1      | Reached XP level 3. HP: 29/29 MP: 3/3
   856 | D:2      | Noticed Jessica
   877 | D:2      | Killed Jessica
   877 | D:2      | Gained mutation: Your flesh is heat resistant. (rF+)
                  | [demonic ancestry]
   877 | D:2      | Reached XP level 4. HP: 10/35 MP: 4/4
  1170 | D:2      | Found an ornate altar of the Wu Jian Council.
  1171 | D:2      | Found a shimmering blue altar of Sif Muna.
  1622 | D:2      | Noticed Robin
  1635 | D:1      | Killed Robin
  1681 | D:2      | Gained mutation: You have sharp toenails. [demonic
                  | ancestry]
  1681 | D:2      | Reached XP level 5. HP: 40/41 MP: 5/5
  2340 | D:3      | Found an iron altar of Okawaru.
  2461 | D:3      | Became a worshipper of Warmaster Okawaru
  2520 | D:3      | Reached XP level 6. HP: 48/48 MP: 6/6
  3023 | D:4      | Reached * piety under Okawaru
  3090 | D:4      | Noticed Blork the orc
  3105 | D:4      | Killed Blork the orc
  3105 | D:4      | Reached XP level 7. HP: 45/54 MP: 7/7
  3319 | D:4      | Found Uhof's Magic Scroll Shop.
  3327 | D:4      | Bought a scroll of identify for 22 gold pieces
  3434 | D:4      | Noticed Edmund
  3457 | D:4      | Killed Edmund
  3457 | D:4      | Reached skill level 5 in Armour
  3808 | D:4      | Noticed Grinder
  3824 | D:4      | Killed Grinder
  3824 | D:4      | Reached skill level 5 in Long Blades
  4078 | D:5      | Entered Level 5 of the Dungeon
  4092 | D:5      | Gained mutation: You have razor-sharp toenails. [demonic
                  | ancestry]
  4092 | D:5      | Reached XP level 8. HP: 41/61 MP: 8/8
  4549 | D:5      | Reached ** piety under Okawaru
  4690 | D:5      | Reached skill level 5 in Fighting
  5008 | D:5      | Found a staircase to the Ecumenical Temple.
  5591 | D:6      | Found a glowing drain.
  5606 | Sewer    | Entered a sewer
  5681 | Sewer    | Reached skill level 5 in Shields
  6165 | D:6      | Found a stormy altar of Qazlal.
  6279 | D:6      | Noticed Pikel
  6333 | D:6      | Killed Pikel
  6333 | D:6      | Gained mutation: You have claws for feet. [demonic
                  | ancestry]
  6333 | D:6      | Reached XP level 9. HP: 43/69 MP: 9/9
  6478 | D:6      | Found a hide-covered altar of Uskayaw.
  6841 | D:6      | Gained mutation: Your body sometimes deteriorates upon
                  | taking damage. [potion of mutation]
  6841 | D:6      | Gained mutation: Your mind is acute. (Int +2) [potion of
                  | mutation]
  6841 | D:6      | HP: 3/69 [killer bee (2)]
  6842 | D:6      | HP: 1/69 [killer bee (7)]
  7314 | D:6      | Found a basalt altar of Yredelemnul.
  7369 | D:6      | Reached *** piety under Okawaru
  7539 | D:7      | Found a hazy altar of Hepliaklqana.
  9291 | D:4      | Gained mutation: You are partially covered in thin metallic
                  | scales. (AC +2) [demonic ancestry]
  9291 | D:4      | Reached XP level 10. HP: 72/76 MP: 10/10
  9734 | D:8      | Reached **** piety under Okawaru
 10026 | D:8      | Found Joijeif's Antique Armour Shoppe.
 10035 | D:8      | Got a pitted mace
 10039 | D:8      | Identified the +10 mace of Ascent {pain, rN++} (You found
                  | it on level 8 of the Dungeon)
 10894 | D:8      | Found a staircase to the Lair.
 10914 | D:8      | Reached ***** piety under Okawaru
 11046 | D:8      | Found a glowing golden altar of the Shining One.
 11253 | D:9      | Found a sparkling altar of Nemelex Xobeh.
 11430 | D:9      | Noticed a two-headed ogre
 11440 | D:9      | Killed a two-headed ogre
 11495 | D:9      | Reached XP level 11. HP: 61/83 MP: 11/11
 11584 | D:9      | Found a shattered altar of Ashenzari.
 11598 | D:9      | Noticed a two-headed ogre
 11612 | D:9      | Killed a two-headed ogre
 12618 | D:10     | Entered Level 10 of the Dungeon
 13258 | D:9      | Lost mutation: Your mind is acute. (Int +2) [potion of
                  | mutation]
 13258 | D:9      | Lost mutation: Your body sometimes deteriorates upon taking
                  | damage. [potion of mutation]
 13258 | D:9      | Gained mutation: You are somewhat resistant to further
                  | mutation. [potion of mutation]
 13307 | D:9      | Reached skill level 10 in Armour
 13375 | D:10     | Received a gift from Okawaru
 13434 | D:10     | Noticed a two-headed ogre
 13453 | D:10     | Killed a two-headed ogre
 13453 | D:10     | Reached skill level 10 in Long Blades
 13633 | D:10     | Found a runed translucent gate.
 13860 | D:10     | Found a runed translucent gate.
 13860 | D:10     | Found a runed translucent gate.
 13865 | D:10     | Noticed Fufic's ghost (journeyman GnFi)
 14033 | D:10     | Identified the Tome of Attacks and Boosts
 14399 | D:11     | Noticed a two-headed ogre
 14402 | D:11     | Found Miackeej's Distillery.
 14413 | D:11     | Killed a two-headed ogre
 14590 | D:11     | Bought 2 potions of curing for 78 gold pieces
 14590 | D:11     | Bought a potion of heal wounds for 65 gold pieces
 14618 | D:11     | Noticed Psyche
 14625 | D:11     | Killed Psyche
 14765 | D:11     | Found a roughly hewn altar of Beogh.
 14775 | D:11     | Found a staircase to the Orcish Mines.
 14817 | D:11     | Noticed an unseen horror
 14819 | D:11     | Noticed Fannar
 14823 | D:11     | Killed an unseen horror
 14823 | D:11     | Reached ****** piety under Okawaru
 14823 | D:11     | Reached XP level 12. HP: 89/93 MP: 12/12
 14853 | D:11     | Killed Fannar
 15878 | D:12     | Noticed Rupert
 15917 | D:12     | Killed Rupert
 15917 | D:12     | Received a gift from Okawaru
 16340 | Lair:1   | Entered Level 1 of the Lair of Beasts
 16368 | Lair:1   | Found a frozen archway.
 16377 | IceCv    | Entered an ice cave
 17036 | IceCv    | Got a crystal rapier
 17037 | IceCv    | Identified the +2 rapier of Overwhelming Force {antimagic,
                  | Str+3} (You found it in an ice cave)
 17391 | IceCv    | HP: 3/95 [polar bear (10)]
 17394 | IceCv    | Demolished by a polar bear

Illustrated notes

Levels and vault maps discovered:
D:1:      minmay_arrival_jagged, layout_basic, minmay_misc_feat_roman,
          minmay_indecisive_spiral
D:2:      layout_basic, gammafunk_temple_overflow_statue, uniq_robin,
          uniq_jessica
D:3:      cheibrodos_old_hovel, layout_loops_ring, lemuel_doored_altar,
          grunt_ministairs_14
D:4:      layout_gridville, serial_shops,
          nicolae_shop_temple_entry_statues_fountains, uniq_edmund,
          uniq_blork_the_orc, uniq_grinder
D:5:      layout_loops_corners, minmay_temple_entry_enclosed_plants
D:6:      layout_cave_pods, eat_drink_and_be_merry_uskayaw, marbit_many_paths,
          kennysheep_mini, portal_sewer_entry_a, uniq_pikel
D:7:      layout_cave_pods, lemuel_round_altar
D:8:      layout_loops_ring, minmay_lair_entry_grove, serial_shops, shop_coins,
          tso_altar
D:9:      layout_roguey, nicolae_overflow_crystal_walls, lemuel_crystal_altar
D:10:     layout_rooms, gammafunk_ghost_necromancy, minmay_joined_circles
D:11:     layout_basic, david_orc_5, serial_shops, shop, uniq_fannar,
          uniq_psyche
D:12:     layout_roguey, uniq_rupert
Lair:1:   layout_gridlike, portal_ice_cave_entry_pillars_2,
          chequers_serial_rivers_small_a, serial_bayou_pond_e, roderic_batcave,
          minivault_23
IceCv:    ice_cave_caverns_02

Skill      XL: |  1  2  3  4  5  6  7  8  9 10 11 12 |
---------------+-------------------------------------+-----
Long Blades    | 2 3 4 5 6 7 9 10 11 | 11.6
Armour         | 3 4 5 7 8 9 10 11 | 11.7
Shields        | 3 4 5 6 7 8 |  8.7
Fighting       | 4 5 6 7 8 9 |  9.4

Action                   |  1- 3 |  4- 6 |  7- 9 | 10-12 || total
-------------------------+-------+-------+-------+-------++-------
Melee: Long sword        |   174 |   318 |   575 |   318 ||  1385
       Kick              |       |    58 |   212 |   369 ||   639
       Falchion          |       |       |   128 |   638 ||   766
       Rapier            |       |       |       |    94 ||    94
Throw: Boomerang         |       |       |       |     4 ||     4
       Throwing net      |       |       |       |     2 ||     2
Evoke: Wand              |       |       |       |    10 ||    10
  Use: Scroll            |       |       |     9 |     8 ||    17
       Potion            |       |       |     3 |     2 ||     5
Armor: Scale mail        |    26 |       |       |       ||    26
       Plate armour      |    94 |   275 |   513 |   533 ||  1415
       Ring mail         |       |       |       |   107 ||   107
Dodge: Dodged            |    25 |    39 |   127 |   251 ||   442
Block: Kite shield       |   100 |   173 |   417 |   643 ||  1333
       Rpst.: Long sword |     9 |    10 |    35 |    21 ||    75
       Falchion          |       |       |    11 |    36 ||    47

Table legend:
 A = Non-vault XP
 B = Vault XP
 C = Vault XP percentage of total XP
 D = Non-vault monster count
 E = Vault monster count
 F = Vault count percentage of total count
                 A         B        C        D         E       F
            +---------+---------+-------+---------+---------+-------
      Total |   19924 |   13997 |  41.3 |     313 |     157 |  33.4
            +---------+---------+-------+---------+---------+-------
        D:1 |      43 |      33 |  43.4 |      27 |      10 |  27.0
        D:2 |      84 |      48 |  36.4 |      25 |       7 |  21.9
        D:3 |     199 |      36 |  15.3 |      26 |       3 |  10.3
        D:4 |     636 |     534 |  45.6 |      23 |       3 |  11.5
        D:5 |     811 |       0 |   0.0 |      29 |       0 |   0.0
        D:6 |     997 |     702 |  41.3 |      23 |       8 |  25.8
        D:7 |    1278 |       0 |   0.0 |      34 |       0 |   0.0
        D:8 |    1170 |    2052 |  63.7 |      26 |      13 |  33.3
        D:9 |    4671 |       0 |   0.0 |      46 |       0 |   0.0
       D:10 |    3411 |     990 |  22.5 |      17 |      11 |  39.3
       D:11 |    4407 |    1929 |  30.4 |      26 |      24 |  48.0
       D:12 |    1937 |    3008 |  60.8 |       9 |       1 |  10.0
     Lair:1 |     280 |       0 |   0.0 |       2 |       0 |   0.0
      Sewer |       0 |     386 | 100.0 |       0 |      56 | 100.0
      IceCv |       0 |    4279 | 100.0 |       0 |      21 | 100.0
            +---------+---------+-------+---------+---------+-------
